 Dungeon Crawl Stone Soup version 0.28.0-43-g3370ac3207 (webtiles) character file.

Game seed: 11532937274068426452

204030 Turgor the Earth Mage (level 18, -17/112 HPs)
             Began as a Gargoyle Earth Elementalist on Feb 7, 2022.
             Was the Champion of Vehumet.
             Demolished by an alligator (26 damage)
             ... on level 3 of the Lair of Beasts on Mar 9, 2022.
             The game lasted 06:33:32 (51459 turns).

Turgor the Earth Mage (GrEE)                       Turns: 51459, Time: 06:33:32

Health: -17/112    AC: 24    Str: 15    XL:     18   Next: 63%
Magic:  10/35      EV: 10    Int: 21    God:    Vehumet [******]
Gold:   2306       SH: 10    Dex: 17    Spells: 4/43 levels left

rFire   + + .      SeeInvis +   B - +11 dagger of Tension {drain, Fly rElec rF+ Dex-4}
rCold   . . .      Faith    .   O - +0 kite shield {reflect}
rNeg    + . .      Spirit   .   Y - +0 troll leather armour
rPois   ∞          Reflect  +   D - +0 hat "Nynn" {rElec rF+ Dex+5}
rElec   +          Harm     .   w - +0 cloak
rCorr   .          Rampage  .   s - +0 pair of gloves
Will    +....                   o - +1 pair of boots
Stlth   +++.......              j - amulet of magic regeneration
HPRegen 1.08/turn               C - +6 ring of dexterity
MPRegen 0.64/turn               q - ring of Cezisch {rElec Slay+3 SInv}

@: flying, slowed, very slow
A: sickness immunity, AC +13, big wings, negative energy resistance 1,
electricity resistance, torment resistance 1, petrification resistance
}: 1/15 runes: serpentine
a: Renounce Religion


You were on level 3 of the Lair of Beasts.
You worshipped Vehumet.
Vehumet was exalted by your worship.
You visited 6 branches of the dungeon, and saw 29 of its levels.
You also visited: Ice Cave.

You collected 3071 gold pieces.
You spent 765 gold pieces at shops.

Inventory:

Hand Weapons
 B - the +11 dagger of Tension (weapon) {drain, Fly rElec rF+ Dex-4}
   (You found it on level 2 of the Lair of Beasts)

   A truly terrible weapon, it drains the life of any living foe it strikes.
   Dex:       It affects your dexterity (-4).
   rF:        It protects you from fire.
   rElec:     It insulates you from electricity.
   Fly:       It grants you flight.
 U - a +3 broad axe
Missiles
 g - 32 poisoned darts
 l - 639 stones (quivered)
 L - 5 throwing nets
 S - 4 curare-tipped darts
Armour
 o - a +1 pair of boots (worn)
 s - a +0 pair of gloves (worn)
 w - a +0 cloak (worn)
 D - the +0 hat "Nynn" (worn) {rElec rF+ Dex+5}
   (You found it on level 2 of the Lair of Beasts)

   Dex:       It affects your dexterity (+5).
   rF:        It protects you from fire.
   rElec:     It insulates you from electricity.
 O - a +0 kite shield of reflection (worn)
 Y - a +0 troll leather armour (worn)
Magical Staves
 M - a staff of earth
Jewellery
 b - a ring of ice
 j - an amulet of magic regeneration (around neck)
 q - the ring of Cezisch (right hand) {rElec Slay+3 SInv}
   (You found it on level 11 of the Dungeon)

   [ring of see invisible]

   Slay:      It affects your accuracy & damage with ranged weapons and melee
   (+3).
   rElec:     It insulates you from electricity.
   SInv:      It lets you see invisible.
 C - a +6 ring of dexterity (left hand)
Wands
 n - a wand of flame (21)
 z - a wand of digging (18)
 R - a wand of paralysis (12)
 T - a wand of acid (2)
 X - a wand of iceblast (3)
Scrolls
 a - a scroll of fear
 c - 2 scrolls of magic mapping
 e - 5 scrolls of teleportation
 f - 6 scrolls of fog
 h - a scroll of silence
 m - 6 scrolls of amnesia
 x - 3 scrolls of summoning
 y - 3 scrolls of blinking
 A - 2 scrolls of brand weapon
 F - 5 scrolls of enchant armour
 G - a scroll of vulnerability
 H - 4 scrolls of enchant weapon
 V - a scroll of holy word
Potions
 d - 8 potions of heal wounds
 k - 4 potions of might
 p - 3 potions of brilliance
 r - a potion of magic
 t - 7 potions of curing
 u - 10 potions of ambrosia
 I - 6 potions of haste
 J - a potion of mutation
 W - 3 potions of cancellation
Miscellaneous
 v - a tin of tremorstones (1/2)
 N - a piece from Xom's chessboard (15/15)
 Q - a lightning rod (1/4)


   Skills:
 + Level 12.2 Fighting
 - Level 10.0 Short Blades
 + Level 8.7 Armour
 - Level 2.0 Dodging
 - Level 6.0 Stealth
 + Level 5.1 Shields
 * Level 13.1 Spellcasting
 * Level 13.8 Conjurations
 * Level 5.2 Necromancy
 * Level 11.5 Transmutations
 - Level 3.7 Ice Magic
 * Level 17.8 Earth Magic


You had 4 spell levels left.
You knew the following spells:

 Your Spells              Type           Power      Damage    Failure   Level
a - Sandblast             Erth           100%       2d20      0%          1
b - Orb of Destruction    Conj           32%        9d10      13%         7
c - Borgnjor's Vile Clut  Necr/Erth      29%        N/A       4%          5
g - Apportation           Tloc           26%        N/A       16%         1
i - Irradiate             Conj/Tmut      30%        3d24      1%          5
l - Lee's Rapid Deconstr  Erth           36%        3d19*     1%          5
p - Passwall              Tmut/Erth      55%        N/A       1%          2
s - Petrify               Tmut/Erth      66%        N/A       1%          4
x - Iron Shot             Conj/Erth      34%        9d7       1%          6
z - Stone Arrow           Conj/Erth      100%       3d13      1%          3

Your spell library contained the following spells:

 Spells                   Type           Power      Damage    Failure   Level
 Animate Skeleton         Necr           70%        N/A       1%          1
 Foxfire                  Conj/Fire      100%       2x1d9     1%          1
 Hailstorm                Conj/Ice       50%        3d11      1%          4
 Fulminant Prism          Conj/Hex       21%        3d13      2%          4
 Iskenderun's Mystic Bla  Conj/Tloc      42%        2d10      2%          4
 Scorch                   Fire           26%        2d6       7%          2
 Corpse Rot               Necr/Air       48%        N/A       9%          2
 Summon Small Mammal      Summ           52%        N/A       16%         1
 Dispel Undead            Necr           35%        3d15      19%         4
 Olgreb's Toxic Radiance  Pois           13%        N/A       36%         4
 Call Canine Familiar     Summ           13%        N/A       43%         3
 Confusing Touch          Hex            13%        N/A       43%         3
 Summon Guardian Golem    Hex/Summ       13%        N/A       43%         3
 Summon Lightning Spire   Summ/Air       13%        N/A       85%         4
 Iskenderun's Battlesphe  Conj           64%        2d11      1%          5
 Fireball                 Conj/Fire      21%        3d10      7%          5
 Freezing Cloud           Conj/Ice/Air   19%        6-21      11%         5
 Yara's Violent Unravell  Hex/Tmut       18%        3d9       11%         5
 Starburst                Conj/Fire      21%        6d7       34%         6
 Spellforged Servitor     Conj/Summ      21%        N/A       86%         7
 Death Channel            Necr           17%        N/A       96%         6
 Summon Forest            Summ/Tloc      6%         N/A       99%         5
 Summon Mana Viper        Hex/Summ       13%        N/A       99%         5
 Simulacrum               Ice/Necr       16%        N/A       99%         6
 Ozocubu's Refrigeration  Ice            14%        4d7       99%         7
 Summon Cactus Giant      Summ           6%         N/A       100%        6
 Enfeeble                 Hex            6%         N/A       100%        7
 Storm Form               Tmut/Air       18%        N/A       100%        7
 Ignition                 Fire           6%         3d4       100%        8
 Maxwell's Capacitive Co  Air            6%         ∞         100%        8
 Polar Vortex             Ice            14%        N/A       100%        9


Dungeon Overview and Level Annotations

Branches:
Dungeon (15/15)            Temple (1/1) D:6            Lair (6/6) D:8
  Swamp (1/4) Lair:3        Snake (4/4) Lair:4        Slime (0/5) Lair:6
    Orc (2/2) D:12            Elf (0/3) Orc:2        Vaults (0/5) D:13
 Depths (0/4) D:15          IceCv (visited)

Altars:
Ashenzari
Cheibriados
Dithmenos
Elyvilon
Fedhas
Gozag
Hepliaklqana
Kikubaaqudgha
Makhleb
Nemelex Xobeh
Qazlal
Ru
Sif Muna
Trog
Uskayaw
Vehumet
Wu Jian
Xom
Yredelemnul
Zin
The Shining One

Shops:
D:2 [!:(?   D:4 *!   D:8 (   D:10 ?   D:14 [   Orc:1 [*   Orc:2 (*=!
Snake:1 *   Snake:4 :==

Portals:
Pandemonium: Orc:2


Innate Abilities, Weirdness & Mutations

You are immune to sickness and miasma.
Your stone body is resilient. (AC +13)
You are immune to poison.
Your large and strong wings let you fly.
You resist negative energy. (rN+)
You are resistant to electric shocks. (rElec)
You are resistant to unholy torment.
You are immune to petrification.


Message History

Confirm with . or Enter, or press ? or * to list all spells.
Aiming: Iron Shot (dangerous; 1% risk of failure)
Press: ? - help, Shift-Dir - straight line, f/p - spriggan rider
Aim: a spriggan rider, wielding a +0 spear (severely wounded, constricted by zombie hands, 94% to hit)
The iron shot hits the spriggan rider!!!
You kill the spriggan rider!
Vehumet accepts your kill.
You feel your power returning.
You kill the hornet!
Vehumet accepts your kill.
You feel your power returning. The bog body casts a spell at you.
You resist with some effort. The alligator closely misses you.
You block the alligator's attack. The alligator bites you!
You block the alligator's attack. You block the spriggan's attack.
The bog body touches you. The bog body freezes you!!
You fly upwards.
Welcome back to the Lair of Beasts!
There is a staircase to the Swamp here.
Casting: Iron Shot (dangerous; 1% risk of failure)
Confirm with . or Enter, or press ? or * to list all spells.
Aiming: Iron Shot (dangerous; 1% risk of failure)
Press: ? - help, Shift-Dir - straight line, f - alligator
Aim: an alligator (water, strong, covering ground quickly, 77% to hit)
The iron shot hits the alligator!!
The alligator is heavily wounded.
The alligator bites you!
The alligator tail-slaps you but does no damage.
The alligator bites you! The alligator tail-slaps you.
Casting: Iron Shot (dangerous; 1% risk of failure)
Confirm with . or Enter, or press ? or * to list all spells.
Aiming: Iron Shot (dangerous; 1% risk of failure)
Press: ? - help, Shift-Dir - straight line, f/p - alligator
Aim: an alligator (thin mist, water, heavily wounded, strong, covering ground quickly, 77% to hit)
The iron shot misses the alligator.
The alligator bites you!!
* * * LOW HITPOINT WARNING * * *
The alligator tail-slaps you.
* * * LOW HITPOINT WARNING * * *
The alligator bites you!!
You die...

##### ## ##.#P##### ####### #
.###....##..#♣# ♣.##..#########
..............♣♣♣♣♣♣.............
#....##......#♣§t§§♣.Y...P#.##.##
###.#.#.....#♣♣§@§≈♣......#.#...#
#.....##....♣#♣§§.≈♣..†Y..#......
......##.....♣♣≈..♣♣♣.....#......
......##....#♣♣≈.♣≈♣♣....##......
.............♣♣♣..♣♣♣.....#......
#...........#♣♣≈..≈♣♣....#.......
.......#....♣ ♣≈..≈♣♣....##..P..#
P.#..##.....♣♣♣≈.♣≈♣♣..........##
..#.##.#.....♣♣≈..≈♣♣...........>


You could see an alligator (strong, swift).

Vanquished Creatures
  Vashnia (Snake:4)
  Rupert (D:14)
  Jorgrun (D:12)
  2 nagarajas (Snake:4)
  Donald (Snake:2)
  A fire giant (D:15)
  The ghost of Pechyafi the Cleaver, a journeyman DDEE of Makhleb (Lair:2)
  Snorg (Orc:2)
  An ettin (Orc:2)
  Fannar (Lair:1)
  Harold (Lair:2)
  4 salamander tyrants
  10 hydras
  10 naga warriors
  Erolcha (D:12)
  8 boulder beetles
  3 death knights
  A catoblepas (Lair:6)
  5 centaur warriors
  2 dancing weapons (D:13)
  2 demonspawn (Orc:2)
  2 ogre magi (D:15)
  18 anacondas
  8 two-headed ogres
  17 death yaks
  A tengu warrior (D:14)
  7 orc high priests (Orc:2)
  A deep troll shaman (Lair:6)
  Urug (Lair:1)
  10 naga sharpshooters
  6 shock serpents
  13 salamander mystics
  A spriggan druid (Swamp:1)
  8 naga ritualists
  A skeletal warrior (D:15)
  3 bog bodies (Lair:3)
  8 orc knights
  5 mana vipers
  3 phantasmal warriors
  A wizard (D:15)
  2 deep elf pyromancers (D:12)
  7 ugly things
  2 lindwurms
  8 orc sorcerers
  7 cyclopes
  3 manticores
  22 salamanders
  17 elephants
  11 cane toads
  15 naga magi
  9 guardian serpents
  An ice statue (D:12)
  34 black mambas
  A torpor snail (Lair:5)
  A rime drake (Lair:2)
  2 gargoyles
  A freezing wraith (D:13)
  4 kobold demonologists
  10 komodo dragons
  2 tengu conjurers (D:13)
  A red devil (Orc:2)
  A hellwing (Orc:2)
  4 hornets
  10 trolls
  A polar bear (Lair:6)
  A queen bee (Lair:2)
  Grinder (D:5)
  A hornet (shapeshifter) (D:14)
  Prince Ribbit (D:6)
  27 blink frogs
  27 slime creatures
  5 large abominations (D:15)
  A snapping turtle (shapeshifter) (D:12)
  2 jumping spiders (D:11)
  A culicivora (shapeshifter) (D:13)
  A vampire (D:10)
  A wyvern (Lair:6)
  57 yaks
  8 basilisks
  5 wraiths
  5 spriggans
  2 chaos spawn (Orc:2)
  A steam dragon (D:10)
  3 vampire mosquitoes (D:11)
  5 wargs
  A redback (D:11)
  Menkaure (D:6)
  37 nagas
  A neqoxec (Orc:2)
  2 death yak simulacra (IceCv)
  An acid dragon (D:13)
  12 water moccasins
  Duvessa (D:6)
  An ice beast (D:6)
  A black bear (Lair:6)
  32 orc warriors
  2 sky beasts
  A necrophage (D:4)
  10 ogres
  30 wolves
  5 boggarts
  A phantom (D:5)
  17 centaurs
  3 kobold brigands
  Blork the orc (D:6)
  13 bullfrogs
  3 gnoll sergeants
  2 cane toad simulacra (IceCv)
  4 scorpions
  7 small abominations (D:15)
  Dowan (D:6)
  2 elephant simulacra (IceCv)
  22 killer bees
  6 electric eels
  4 wights (D:9)
  A lava snake (D:11)
  3 howler monkeys
  A bullfrog zombie (D:6)
  A centaur zombie (D:9)
  3 hounds
  A bullfrog skeleton (D:5)
  5 jellies
  2 centaur skeletons
  34 orc priests
  A gnoll shaman (D:9)
  Ijyb (D:4)
  23 orc wizards
  5 iguanas
  7 hell rats (Lair:3)
  A polar bear simulacrum (IceCv)
  16 gnolls
  2 howler monkey skeletons (D:5)
  10 adders
  A white imp (D:6)
  3 ufetubi
  A worm (D:2)
  A dart slug (D:2)
  71 orcs
  8 endoplasms
  3 giant cockroaches
  6 hobgoblins
  6 jackals
  19 kobolds
  3 quokkas
  3 training dummies (D:8)
  2 ball pythons (D:2)
  3 bats
  6 frilled lizards
  4 goblins
  3 rats
987 creatures vanquished.

Vanquished Creatures (others)
  A vampire (D:13)
  2 bushes
  54 fungi
  135 plants
  2 withered plants (D:1)
194 creatures vanquished.

Grand Total: 1181 creatures vanquished

Notes
Turn   | Place    | Note
-------+----------+-------------------------------------------
     0 | D:1      | Turgor the Gargoyle Earth Elementalist began the quest for
                  | the Orb.
     0 | D:1      | Reached XP level 1. HP: 10/10 MP: 3/3
   181 | D:1      | Found a faded altar of an unknown god.
   243 | D:1      | Reached XP level 2. HP: 9/16 MP: 0/5
   244 | D:1      | Upgraded the game from 0.28-b1-25-g9875b3fc8c to 0.28.0
   549 | D:1      | Reached skill level 4 in Earth Magic
  1152 | D:1      | Reached skill level 1 in Fighting
  1327 | D:1      | Reached XP level 3. HP: 18/20 MP: 3/6
  1331 | D:1      | Learned a level 3 spell: Stone Arrow
  1334 | D:1      | Learned a level 2 spell: Passwall
  1810 | D:2      | Found Ujaam's Distillery.
  1811 | D:2      | Found Sylico's Book Emporium.
  1827 | D:2      | Found Guavebrini's Antique Weapon Emporium.
  1940 | D:2      | Reached skill level 1 in Conjurations
  2034 | D:2      | Reached XP level 4. HP: 25/25 MP: 5/8
  2399 | D:2      | Found Zyblem's Magic Scroll Emporium.
  2407 | D:2      | Bought a scroll of identify for 24 gold pieces
  2562 | D:2      | Found Erilenuv's Antique Armour Shop.
  2731 | D:3      | Found a glowing golden altar of the Shining One.
  3011 | D:3      | Reached XP level 5. HP: 30/30 MP: 9/9
  3387 | D:3      | Reached skill level 5 in Earth Magic
  3893 | D:4      | Noticed Ijyb
  4480 | D:4      | Killed Ijyb
  4481 | D:4      | Reached XP level 6. HP: 35/35 MP: 0/10
  4769 | D:4      | Found Vighel's Distillery.
  4955 | D:4      | Bought a potion of flight for 42 gold pieces
  4955 | D:4      | Bought a potion of berserk rage for 70 gold pieces
  4955 | D:4      | Bought a potion of curing for 42 gold pieces
  5156 | D:4      | Found Dyuss's Assorted Antiques.
  5164 | D:4      | Bought an amethyst potion for 27 gold pieces
  5273 | D:4      | Reached skill level 6 in Earth Magic
  5392 | D:4      | Noticed a necrophage
  5397 | D:4      | Killed a necrophage
  5398 | D:4      | Reached XP level 7. HP: 40/40 MP: 5/12
  5507 | D:5      | Entered Level 5 of the Dungeon
  5544 | D:5      | Noticed Grinder
  5548 | D:5      | Killed Grinder
  6198 | D:5      | You fall into a shaft and drop 3 floors!
  6198 | D:8      | Found a staircase to the Lair.
  6198 | D:8      | Found a shimmering altar of Xom.
  6218 | D:8      | Noticed a hornet
  6248 | D:7      | Reached skill level 7 in Earth Magic
  6348 | D:7      | Reached skill level 5 in Conjurations
  6348 | D:7      | Reached XP level 8. HP: 28/46 MP: 1/14
  6482 | D:7      | Found an opulent altar of Gozag.
  6484 | D:7      | Found a glowing silver altar of Zin.
  6484 | D:7      | Found a hide-covered altar of Uskayaw.
  6487 | D:7      | Found a snail-covered altar of Cheibriados.
  6755 | D:6      | Learned a level 4 spell: Petrify
  6868 | D:6      | Found a staircase to the Ecumenical Temple.
  6881 | D:6      | Found an ornate altar of the Wu Jian Council.
  6891 | D:6      | Noticed Menkaure
  6911 | Temple   | Entered the Ecumenical Temple
  6945 | Temple   | Became a worshipper of Vehumet
  7003 | D:6      | Killed Menkaure
  7004 | D:6      | Reached skill level 1 in Transmutations
  7117 | D:5      | Found a sacrificial altar of Ru.
  7270 | D:5      | Reached skill level 8 in Earth Magic
  7588 | D:5      | Found a hazy altar of Hepliaklqana.
  7735 | D:5      | Reached XP level 9. HP: 52/52 MP: 9/16
  7994 | D:6      | Noticed Blork the orc
  7996 | D:6      | Killed Blork the orc
  8095 | D:6      | Noticed Duvessa
  8135 | D:6      | Found a broken altar of Ashenzari.
  8187 | D:6      | Reached skill level 5 in Spellcasting
  8410 | D:6      | Noticed Dowan
  8415 | D:6      | Killed Dowan
  8418 | D:6      | Killed Duvessa
  8865 | D:6      | Noticed Prince Ribbit
  8871 | D:6      | Killed Prince Ribbit
  9452 | D:7      | Reached * piety under Vehumet
  9452 | D:7      | Offered knowledge of Magic Dart by Vehumet.
  9739 | D:8      | Reached skill level 1 in Armour
  9834 | D:8      | Reached skill level 5 in Fighting
 10015 | D:8      | Reached skill level 9 in Earth Magic
 10158 | D:8      | Reached XP level 10. HP: 31/59 MP: 3/18
 10648 | D:8      | Found Poqud's Firing Range.
 11324 | D:9      | Found a burning altar of Makhleb.
 11821 | D:2      | Bought a smoking leather armour for 161 gold pieces
 11821 | D:2      | Identified the +1 leather armour of Repulsion {+Inv} (You
                  | bought it in a shop on level 2 of the Dungeon)
 12282 | D:9      | Noticed a white ugly thing
 12300 | D:9      | Killed a white ugly thing
 12581 | D:9      | Found an ancient bone altar of Kikubaaqudgha.
 12622 | D:9      | Reached ** piety under Vehumet
 12622 | D:9      | Offered knowledge of Scorch by Vehumet.
 12626 | D:9      | Learned a level 2 spell: Scorch
 13011 | D:10     | Entered Level 10 of the Dungeon
 13039 | D:10     | Found Difileap's Magic Scroll Emporium.
 13050 | D:10     | Bought a scroll of identify for 26 gold pieces
 13177 | D:10     | Reached skill level 10 in Earth Magic
 13270 | D:10     | Noticed a cyclops
 13289 | D:10     | Killed a cyclops
 13344 | D:10     | Noticed a two-headed ogre
 13349 | D:10     | Killed a two-headed ogre
 13350 | D:10     | Reached skill level 5 in Armour
 13350 | D:10     | Reached XP level 11. HP: 65/65 MP: 10/20
 13504 | D:10     | Reached skill level 5 in Transmutations
 13913 | D:10     | Bought a scroll of fear for 45 gold pieces
 13913 | D:10     | Bought a scroll of blinking for 97 gold pieces
 14055 | D:2      | Bought a scroll of identify for 24 gold pieces
 14055 | D:2      | Bought a scroll of identify for 24 gold pieces
 14205 | Lair:1   | Entered Level 1 of the Lair of Beasts
 14253 | Lair:1   | Noticed Urug
 14254 | Lair:1   | Upgraded the game from 0.28.0 to 0.28.0-1-gb440e238dd
 14266 | Lair:1   | Killed Urug
 14670 | Lair:1   | Reached skill level 11 in Earth Magic
 15023 | Lair:1   | Noticed Fannar
 15098 | Lair:1   | Killed Fannar
 15752 | Lair:2   | Noticed Harold
 15880 | Lair:2   | Found a frozen archway.
 16000 | IceCv    | Entered an ice cave
 16233 | IceCv    | Noticed a white ugly thing
 16265 | IceCv    | Killed a white ugly thing
 16717 | Lair:2   | Found a runed translucent door.
 16723 | Lair:2   | Identified the +4 spear of Frustration {pain, rPois rF+
                  | Dex-3}
 16723 | Lair:2   | Noticed a spriggan rider
 16724 | Lair:2   | Noticed Pechyafi's ghost (journeyman DDEE)
 16800 | Lair:2   | Reached XP level 12. HP: 65/72 MP: 9/22
 16920 | Lair:2   | Reached skill level 10 in Conjurations
 17238 | Lair:2   | Offered knowledge of Dazzling Flash by Vehumet.
 17482 | Lair:2   | Identified the +11 dagger of Tension {drain, Fly rElec rF+
                  | Dex-4}
 17614 | Lair:2   | Reached *** piety under Vehumet
 17615 | Lair:2   | Reached skill level 12 in Earth Magic
 17646 | Lair:2   | Reached skill level 1 in Short Blades
 17913 | Lair:2   | Killed Harold
 18312 | Lair:3   | Noticed a death yak
 18327 | Lair:3   | Killed a death yak
 18367 | Lair:3   | Offered knowledge of Hailstorm by Vehumet.
 18395 | Lair:3   | Learned a level 4 spell: Hailstorm
 18442 | Lair:3   | Noticed a four-headed hydra
 18451 | Lair:3   | Killed a four-headed hydra
 18505 | Lair:3   | Reached skill level 1 in Ice Magic
 18787 | Lair:3   | Noticed an eight-headed hydra
 18789 | Lair:3   | Noticed a boulder beetle
 18790 | Lair:3   | Noticed a boulder beetle
 18797 | Lair:3   | Noticed a death yak
 18797 | Lair:3   | Noticed a death yak
 18797 | Lair:3   | Noticed a death yak
 18797 | Lair:3   | Noticed a death yak
 18797 | Lair:3   | Noticed a death yak
 19023 | Lair:3   | Killed an eight-headed hydra
 19178 | Lair:3   | Killed a boulder beetle
 19179 | Lair:3   | Reached XP level 13. HP: 79/79 MP: 14/24
 19205 | Lair:3   | Reached **** piety under Vehumet
 19790 | Lair:3   | Offered knowledge of Lee's Rapid Deconstruction by Vehumet.
 19805 | Lair:2   | Learned a level 5 spell: Lee's Rapid Deconstruction
 20085 | Lair:3   | Found a staircase to the Swamp.
 20166 | Lair:3   | Reached skill level 13 in Earth Magic
 20555 | Lair:2   | Identified the +0 hat "Nynn" {rElec rF+ Dex+5}
 20679 | Lair:3   | Reached skill level 5 in Short Blades
 22087 | Lair:4   | Found a staircase to the Snake Pit.
 23688 | Lair:5   | Gained mutation: Your large and strong wings let you fly.
                  | [Gargoyle growth]
 23688 | Lair:5   | Reached XP level 14. HP: 86/86 MP: 20/27
 23697 | Lair:5   | Upgraded the game from 0.28.0-1-gb440e238dd to
                  | 0.28.0-43-g3370ac3207
 24619 | Lair:5   | Reached ***** piety under Vehumet
 24620 | Lair:5   | Reached skill level 14 in Earth Magic
 24785 | Lair:5   | Offered knowledge of Fireball by Vehumet.
 24792 | Lair:5   | Learned a level 5 spell: Fireball
 24960 | Lair:6   | Entered Level 6 of the Lair of Beasts
 25041 | Lair:6   | Reached skill level 5 in Stealth
 26504 | Lair:6   | Found a staircase to the Slime Pits.
 26930 | Lair:6   | Reached skill level 10 in Spellcasting
 28035 | Lair:6   | Reached skill level 10 in Fighting
 28035 | Lair:6   | Reached XP level 15. HP: 80/92 MP: 9/29
 29473 | D:11     | Found a runed translucent door.
 30133 | D:12     | Found a staircase to the Orcish Mines.
 30270 | D:12     | Noticed Jorgrun
 30327 | D:12     | Identified the +3 ring mail "Forget-Me-Not" {rF- Will+
                  | Int+2 Stlth+}
 30969 | D:12     | Killed Jorgrun
 30970 | D:12     | Reached skill level 15 in Earth Magic
 32059 | Orc:1    | Entered Level 1 of the Orcish Mines
 32059 | Orc:1    | Noticed Erolcha
 32067 | D:12     | Killed Erolcha
 32492 | Orc:1    | Offered knowledge of Iron Shot by Vehumet.
 32500 | Orc:1    | Learned a level 6 spell: Iron Shot
 32977 | Orc:1    | Found Emif Fiewk's Mayhem Merchandise.
 32978 | Orc:1    | Found Qocittog's Armour Boutique.
 33152 | Orc:2    | Entered Level 2 of the Orcish Mines
 33172 | Orc:2    | Found a staircase to the Elven Halls.
 35256 | Orc:2    | Noticed Snorg
 35261 | Orc:2    | Killed Snorg
 36095 | Orc:2    | Found Tojileot's General Store.
 36144 | Orc:2    | Found Eseca's Distillery.
 36156 | Orc:2    | Bought a potion of degeneration for 18 gold pieces
 36737 | Orc:2    | Reached XP level 16. HP: 99/99 MP: 12/31
 37282 | Orc:2    | Found Ruythruh's Antique Weapon Shop.
 37282 | Orc:2    | Found Dublon's Jewellery Boutique.
 37282 | Orc:2    | Found a one-way gate leading to the halls of Pandemonium.
 37290 | Orc:2    | Bought a ring of see invisible for 165 gold pieces
 37886 | D:13     | Found a gate to the Vaults.
 38087 | D:13     | Reached skill level 10 in Transmutations
 38412 | D:13     | Learned a level 1 spell: Apportation
 38589 | D:14     | Noticed Rupert
 38589 | D:14     | Paralysed by Rupert for 2 turns
 38598 | D:14     | Paralysed by Rupert for 5 turns
 38606 | D:14     | Killed Rupert
 38918 | D:14     | Reached skill level 1 in Shields
 38945 | D:14     | Reached ****** piety under Vehumet
 39045 | D:14     | Offered knowledge of Irradiate by Vehumet.
 39633 | D:14     | Found Kiurefu's Armour Boutique.
 39834 | D:14     | Reached skill level 16 in Earth Magic
 40714 | D:15     | Entered Level 15 of the Dungeon
 40756 | D:15     | Learned a level 5 spell: Irradiate
 41290 | D:15     | Found a basalt altar of Yredelemnul.
 41301 | D:15     | Found a staircase to the Depths.
 41654 | D:15     | Offered knowledge of Conjure Ball Lightning by Vehumet.
 42213 | D:15     | Got the Reference Book on Confrontation and the Mountains
 42230 | D:15     | Learned a level 5 spell: Borgnjor's Vile Clutch
 42605 | D:11     | Reached skill level 10 in Short Blades
 42672 | D:11     | Found a runed translucent gate.
 42682 | D:11     | Found a runed translucent gate.
 42683 | D:11     | Found a runed translucent gate.
 42683 | D:11     | Found a runed translucent gate.
 42683 | D:11     | Found a runed translucent gate.
 42684 | D:11     | Found a runed translucent gate.
 42968 | D:11     | Identified the ring of Cezisch {rElec Slay+3 SInv}
 43341 | Lair:2   | Killed Pechyafi's ghost
 43342 | Lair:2   | Reached XP level 17. HP: 104/104 MP: 2/33
 43518 | Snake:1  | Entered Level 1 of the Snake Pit
 43950 | Snake:1  | Found Sash's Superlative Supplies.
 44025 | Snake:1  | Found a white marble altar of Elyvilon.
 44274 | Snake:1  | Reached skill level 1 in Necromancy
 46325 | Snake:2  | Noticed Donald
 46337 | Snake:2  | Killed Donald
 47271 | Snake:2  | Reached skill level 17 in Earth Magic
 48579 | Snake:4  | Entered Level 4 of the Snake Pit
 48581 | Snake:4  | Offered knowledge of Orb of Destruction by Vehumet.
 48590 | Snake:4  | Learned a level 7 spell: Orb of Destruction
 48719 | Snake:4  | Reached XP level 18. HP: 112/112 MP: 28/34
 49383 | Snake:4  | Found Hasumar's Book Shop.
 49383 | Snake:4  | Found Matwat's Jewellery Emporium.
 49384 | Snake:4  | Found Jiesetut's Jewellery Emporium.
 50792 | Snake:4  | Reached skill level 5 in Necromancy
 50797 | Snake:4  | Reached skill level 5 in Shields
 51017 | Snake:4  | Got a serpentine rune of Zot
 51095 | Snake:4  | Noticed Vashnia
 51118 | Snake:4  | Killed Vashnia
 51450 | Swamp:1  | Entered Level 1 of the Swamp
 51459 | Lair:3   | Demolished by an alligator

Illustrated notes

Levels and vault maps discovered:
D:1:      dpeg_arrival_tiny_b, layout_loops_ring,
          shapermc_ecumenical_altar_flowoftime
D:2:      layout_basic, serial_shops, nicolae_diamond_shop,
          nicolae_lakefront_shop, shop, nicolae_shop_hallway_plus, shop,
          serial_bayou_pond_d, kennysheep_donut
D:3:      layout_basic, tso_altar
D:4:      layout_rooms, serial_shops, shop_coins, shop,
          minmay_misc_feat_enclosed, uniq_ijyb
D:5:      layout_basic, overflow_temple_1_default,
          nicolae_hepliaklqana_hippocampus, uniq_grinder
D:6:      layout_basic, lemuel_tele_altar, nicolae_ashenzari_skybound,
          minmay_temple_entry_mist, uniq_menkaure, uniq_prince_ribbit1,
          uniq_blork_the_orc, uniq_duvessa
D:7:      layout_rooms, grunt_temple_overflow_open,
          chequers_serial_rivers_large_a
D:8:      layout_cave_pools, mainiacjoe_overflow_concentric_impassable,
          lair_entry_dummy, nicolae_shop_firing_range
D:9:      layout_basic, lemuel_round_altar, mainiacjoe_overflow_tiny_flanked
D:10:     layout_roguey, serial_shops, shop_scrolls,
          minmay_fractal_squares_gapless_5
D:11:     gammafunk_indiana_jones, layout_basic, kennysheep_cluttered_room
D:12:     lemuel_ice_statue, layout_basic, orc_0_dummy,
          minmay_misc_feat_columns, chequers_garden, uniq_jorgrun
D:13:     layout_roguey, erik_vaults_1
D:14:     layout_layer_cave, serial_shops, shop, uniq_rupert
D:15:     grunt_enter_depths_giant_problem, layout_basic,
          yredelemnul_altar_generic, laboratory
Temple:   eino_wide_crystal_templ
Lair:1:   layout_loops_ring, beast_lair_carwin_6, uniq_fannar, uniq_urug
Lair:2:   layout_concentric_octagons, special_room [special_room_bee],
          ebering_ghost_funeral_grove, portal_ice_cave_entry_pillars_1,
          grunt_megastairs_2, uniq_harold
Lair:3:   layout_regular_city, nicolae_swamp_entry_splash_gauntlet,
          nicolae_volcano_entry_two_sided, hangedman_lair_generics_rect
Lair:4:   layout_cave_pods, minmay_snake_entry_guardpost_small, serial_bayou,
          serial_bayou_shore_a, serial_bayou_crossing, serial_bayou_lagoon_a,
          serial_bayou_pond_e, hibernation_bobbens
Lair:5:   layout_cellular_growth
Lair:6:   grunt_lair_end_beastmaster, layout_hall_layers,
          minmay_slime_entry_pillars, chequers_serial_rivers_small_b,
          infiniplex_staircase_pool
Swamp:1:  layout_falls_marsh, nicolae_swamp_tree_isthmus, uniq_kirke
Snake:1:  cheibrodos_snake_lava_hold, layout_chambers, basic_altar,
          grunt_ministairs_1, nicolae_alphabet_shops
Snake:2:  layout_basic, serial_corexii_hall, corexii_hall_statues_l,
          corexii_hall_statues_l, nicolae_snake_storage_room,
          serial_bayou_shore_b, uniq_donald
Snake:3:  layout_gridlike, grunt_ministairs_2
Snake:4:  johnstein_snake_rune_scales, layout_chambers, special_room,
          nicolae_snake_gridmaze_swirls, minmay_snake_pond, minmay_shop_grove
Orc:1:    layout_caves, serial_shops, shop, minmay_shop_mayhem, uniq_erolcha
Orc:2:    pf_orc_diabolical, layout_caves, uniq_snorg

Skill      XL: |  1  2  3  4  5  6  7  8  9 10 11 12 13 14 15 16 17 18 |
---------------+-------------------------------------------------------+-----
Earth Magic    | 4 5 6 7 8 9 10 11 12 13 14 15 16 17 | 17.8
Fighting       | 1 2 3 4 5 6 7 8 9 10 11 12 | 12.2
Conjurations   | 1 2 4 5 6 7 8 9 10 11 12 13 | 13.8
Spellcasting   | 3 4 5 6 7 9 10 11 12 13 | 13.1
Transmutations | 2 3 4 6 7 8 9 10 11 | 11.5
Armour         | 3 5 6 7 8 |  8.7
Dodging        | 2 |  2.0
Short Blades   | 3 6 7 9 10 | 10.0
Ice Magic      | 2 3 |  3.7
Stealth        | 3 6 |  6.0
Shields        | 4 5 |  5.1
Necromancy     | 4 5 |  5.2

Action                   |  1- 3 |  4- 6 |  7- 9 | 10-12 | 13-15 | 16-18 || total
-------------------------+-------+-------+-------+-------+-------+-------++-------
Melee: Dagger            |    16 |       |       |   143 |   367 |   112 ||   638
       Short sword       |    42 |       |       |       |       |       ||    42
       Rapier            |       |    10 |       |       |       |       ||    10
       Whip              |       |    21 |    30 |    93 |       |       ||   144
       Punch             |       |     1 |       |       |    11 |     1 ||    13
       Staff             |       |       |       |       |       |    24 ||    24
Throw: Stone             |       |       |     1 |       |    10 |     7 ||    18
       Dart              |       |       |     3 |    58 |    67 |     9 ||   137
 Cast: Sandblast         |    42 |    20 |    13 |    20 |     1 |     1 ||    97
       Stone Arrow       |       |    52 |    89 |   232 |   569 |   126 ||  1068
       Petrify           |       |       |       |     3 |   132 |    20 ||   155
       Lee's Rapid Decon |       |       |       |       |    42 |    70 ||   112
       Iron Shot         |       |       |       |       |    39 |   346 ||   385
       Scorch            |       |       |       |       |     4 |       ||     4
       Fireball          |       |       |       |       |     2 |       ||     2
       Borgnjor's Vile C |       |       |       |       |       |    93 ||    93
Evoke: Wand              |       |       |    17 |    19 |     9 |     3 ||    48
       Lightning rod     |       |       |       |     1 |     2 |     7 ||    10
       Piece from Xom's  |       |       |       |       |     3 |     1 ||     4
       Tin of tremorston |       |       |       |       |     2 |     4 ||     6
  Use: Scroll            |       |     2 |     2 |    17 |    13 |     8 ||    42
       Potion            |       |       |       |       |     2 |     3 ||     5
 Stab: Sleeping          |     2 |     2 |       |       |     2 |     1 ||     7
       Petrified         |       |       |       |    10 |   114 |     8 ||   132
       Petrifying        |       |       |       |       |    22 |       ||    22
Armor: Robe              |    28 |    12 |     7 |     3 |       |       ||    50
       Leather armour    |       |       |       |   127 |   106 |       ||   233
       Troll leather arm |       |       |       |       |    59 |   151 ||   210
Dodge: Dodged            |    35 |    19 |    21 |   176 |   169 |   111 ||   531
Block: Other             |       |     2 |     7 |     2 |       |       ||    11
       Reflection        |       |       |       |     1 |       |     7 ||     8
       Buckler           |       |       |       |       |       |    24 ||    24
       Kite shield       |       |       |       |       |       |    48 ||    48
